 Dungeon Crawl Stone Soup version 0.29.1-15-g9cfb28693d (webtiles) character file.

Game seed: 4041017074068126236

959 nonceun the Cleaver (level 7, -1/60 HPs)
             Began as a Minotaur Berserker on Mar 4, 2023.
             Was a Priest of Trog.
             Succumbed to a gnoll sergeant's poison
             ... on level 5 of the Dungeon.
             The game lasted 00:13:48 (4348 turns).

nonceun the Cleaver (Minotaur Berserker)            Turns: 4348, Time: 00:13:52

Health: -1/60      AC:  8    Str: 23    XL:     7   Next: 92%
Magic:  15/15      EV:  8    Int:  4    God:    Trog [***...]
Gold:   290        SH:  4    Dex: 10    Spells: 6/6 levels left

rFire   . . .      SeeInvis .   a - +0 hand axe
rCold   . . .      Faith    .   v - +0 buckler
rNeg    . . .      Spirit   .   h - +0 chain mail
rPois   .          Reflect  .   (helmet restricted)
rElec   .          Harm     .   (no cloak)
rCorr   .          Rampage  .   (no gloves)
Will    .....                   (no boots)
Stlth   ..........              (no amulet)
HPRegen 0.20/turn               j - +4 ring of slaying
MPRegen 0.14/turn               o - ring of magical power

@: lethally poisoned (-1 -> -9), on berserk cooldown
A: horns 2, retaliatory headbutt
a: Renounce Religion, Berserk, Trog's Hand


You were on level 5 of the Dungeon.
You worshipped Trog.
Trog was most pleased with you.
You visited 1 branch of the dungeon, and saw 5 of its levels.

You collected 290 gold pieces.

Inventory:

Hand Weapons
 a - a +0 hand axe (weapon)
Missiles
 f - 48 stones (quivered)
 C - 6 throwing nets
Armour
 h - a +0 chain mail (worn)
 v - a +0 buckler (worn)
 D - a +2 kite shield
Jewellery
 j - a +4 ring of slaying (left hand)
 o - a ring of magical power (right hand)
 z - a ring of ice
Wands
 w - a wand of flame (23)
Scrolls
 c - 2 scrolls of enchant armour {unknown}
 e - 2 scrolls of immolation {unknown}
 g - 3 scrolls of fear {unknown}
 i - a scroll of vulnerability {unknown}
 k - a scroll of blinking {unknown}
 m - 5 scrolls of identify {unknown}
 n - a scroll of butterflies {unknown}
 p - 5 scrolls of teleportation {unknown}
 q - a scroll of magic mapping {unknown}
 t - a scroll of brand weapon {unknown}
 y - a scroll of amnesia {unknown}
Potions
 b - a potion of heal wounds {unknown}
 d - 2 potions of degeneration {unknown}
 l - a potion of cancellation
 r - a potion of curing {unknown}
 s - a potion of flight {unknown}
 u - a potion of lignification
 x - a potion of berserk rage {unknown}
 B - a potion of brilliance {unknown}


   Skills:
 * Level 4.5 Fighting
 + Level 10.7 Axes
 - Level 2.4 Armour
 - Level 2.1 Dodging
 * Level 2.7 Shields


You had 6 spell levels left.
You didn't know any spells.
Your spell library contained the following spells:

 Spells                   Type           Power      Damage    Failure   Level
 Foxfire                  Conj/Fire      0%         2x1d4     99%         1
 Conjure Flame            Conj/Fire      0%         6-21      100%        3
 Ignite Poison            Fire/Tmut/Pois 0%         N/A       100%        3
 Inner Flame              Hex/Fire       0%         N/A       100%        3
 Mephitic Cloud           Conj/Pois/Air  0%         N/A       100%        3
 Flame Wave               Conj/Fire      0%         2d4       100%        4
 Freezing Cloud           Conj/Ice/Air   0%         6-21      100%        5


Dungeon Overview and Level Annotations

Branches:
Dungeon (5/15)
 Temple: D:4-7

Altars:
Cheibriados
Okawaru

Shops:
D:2 [

Annotations:
D:4 !edmund, Edmund


Innate Abilities, Weirdness & Mutations

You have a pair of horns on your head.
You reflexively headbutt those who attack you in melee.


Message History

You feel yourself moving faster!
You feel mighty!
You feel very sick.
The gnoll sergeant hits you with a +3 trident of venom!
* * * LOW HITPOINT WARNING * * *
You are lethally poisoned!
You hit the gnoll sergeant. You headbutt the gnoll sergeant.
The gnoll sergeant is heavily wounded.
* * * LOW HITPOINT WARNING * * *
You feel very sick.
You slash the gnoll sergeant!
You kill the gnoll sergeant!
Trog accepts your kill.
* * * LOW HITPOINT WARNING * * *
You feel very sick.
You are too berserk!
* * * LOW HITPOINT WARNING * * *
You feel very sick.
You feel a strong urge to attack something.
* * * LOW HITPOINT WARNING * * *
You feel very sick.
* * * LOW HITPOINT WARNING * * *
You feel very sick.
Okay, then.
You feel your anger nearly subside.
You are no longer berserk.
You are exhausted.
You feel yourself slow down.
* * * LOW HITPOINT WARNING * * *
You feel sick.
It was a potion of lignification.
You turn into a tree.
Your +0 chain mail melds into your body.
Your roots penetrate the ground.
* * * LOW HITPOINT WARNING * * *
You feel very sick.
It was a potion of cancellation.
Your magical effects are unravelling.
You feel magically purged.
You feel less wooden.
Your +0 chain mail unmelds from your body.
You feel yourself speed up.
You die...

#....##..'...'..##
##....##..'...'..##
#..##.#####...#####
#...#.##.........##
##....##.........##
##.....##.........##
#..##..##......[..##
##......####..)####.
##@.........[).....
####).........#))...
#.........#..####...
####.##......#...# #..#
###....##........###.##..
#.g.#######..#รท###.......
##)####### #...)).....#...
#.)....... ##.........#...
#.....##.. #.)...........


There were no monsters in sight!

Vanquished Creatures
  A water moccasin (D:5)
  A wolf (D:5)
  4 gnoll sergeants (D:5)
  3 hounds (D:5)
  3 gnoll boudas (D:5)
  2 iguanas
  A mummy (D:3)
  16 gnolls (D:5)
  4 adders
  An ufetubus (D:5)
  A worm (D:2)
  2 dart slugs
  13 orcs
  6 bats
  8 endoplasms
  5 giant cockroaches
  2 goblins
  3 hobgoblins
  5 jackals
  4 kobolds
  3 quokkas
  7 ball pythons
  8 rats
103 creatures vanquished.

Vanquished Creatures (others)
  2 plants (D:4)
2 creatures vanquished.

Grand Total: 105 creatures vanquished

Notes
Turn   | Place    | Note
-------+----------+-------------------------------------------
     0 | D:1      | nonceun the Minotaur Berserker began the quest for the Orb.
     0 | D:1      | Reached XP level 1. HP: 19/19 MP: 0/0
   138 | D:1      | Reached skill level 4 in Axes
   360 | D:1      | Reached XP level 2. HP: 26/26 MP: 1/1
  1311 | D:2      | Reached skill level 5 in Axes
  1342 | D:2      | Reached XP level 3. HP: 27/31 MP: 2/2
  1572 | D:2      | Found a faded altar of an unknown god.
  2051 | D:2      | Found Acejudgh's Antique Armour Emporium.
  2314 | D:3      | Found a snail-covered altar of Cheibriados.
  2329 | D:3      | Reached skill level 6 in Axes
  2329 | D:3      | Reached XP level 4. HP: 24/39 MP: 3/3
  2601 | D:3      | Reached ** piety under Trog
  2643 | D:3      | Found an iron altar of Okawaru.
  3115 | D:4      | Noticed Edmund
  3115 | D:4      | Noticed a scorpion
  3166 | D:4      | Reached skill level 1 in Shields
  3192 | D:4      | Reached XP level 5. HP: 40/45 MP: 4/4
  3229 | D:4      | Noticed a lemure
  3333 | D:5      | Entered Level 5 of the Dungeon
  3382 | D:5      | Noticed a water moccasin
  3392 | D:5      | Killed a water moccasin
  3393 | D:5      | Reached skill level 7 in Axes
  3503 | D:5      | Reached XP level 6. HP: 49/51 MP: 5/5
  3508 | D:5      | Reached skill level 8 in Axes
  3838 | D:5      | Reached skill level 9 in Axes
  3880 | D:5      | Reached XP level 7. HP: 35/57 MP: 6/6
  3901 | D:5      | Reached skill level 10 in Axes
  4095 | D:5      | Reached *** piety under Trog
  4347 | D:5      | HP: 3/90 [poisoned by a gnoll sergeant]
  4348 | D:5      | Succumbed to a gnoll sergeant's poison

Illustrated notes

Levels and vault maps discovered:
D:1:      tarquinn_simple_flora_water_a, layout_basic, st_stairs_9,
          minmay_misc_feat_five
D:2:      layout_basic, serial_shops, nicolae_shop_overgrown_old_shop,
          nicolae_ecumenical_lake_church
D:3:      layout_basic, slow_altar_1, mainiacjoe_overflow_tiny_flanked
D:4:      lemuel_castle_with_subvaults [lemuel_castle_interior_original],
          layout_rooms, uniq_edmund, uniq_pikel, uniq_blork_the_orc
D:5:      layout_cave_pools, nicolae_gozag_cash_rules_everything_around_me,
          minmay_temple_entry_junction, serial_gnoll_camp, gnoll_camp_medium_02,
          gnoll_camp_huts_basic, gnoll_camp_mini_hut, gnoll_camp_mini_hut,
          gnoll_camp_mini_shop, gnoll_camp_mini_house, uniq_crazy_yiuf_cottage

Skill      XL: |  1  2  3  4  5  6  7 |
---------------+----------------------+-----
Axes           | 4 5 6 7 9 10 | 10.7
Shields        | 1 2 |  2.7
Fighting       | 4 |  4.5
Armour         | |  2.4
Dodging        | |  2.1

Action                   |  1- 3 |  4- 6 |  7- 9 || total
-------------------------+-------+-------+-------++-------
Melee: Hand axe          |    66 |   101 |    45 ||   212
       Headbutt          |     6 |    19 |    12 ||    37
Invok: Berserk           |       |     2 |     2 ||     4
       Trog's Hand       |       |     2 |       ||     2
  Use: Potion            |       |       |     2 ||     2
Armor: Animal skin       |     2 |       |       ||     2
       Chain mail        |    13 |    40 |    10 ||    63
Dodge: Dodged            |    28 |    28 |    14 ||    70
Block: Buckler           |       |    11 |     4 ||    15
